 Dungeon Crawl Stone Soup version 0.19-a0-376-gf780d9b (webtiles) character file.

175 kae the Slasher (level 5, -2/45 HPs)
             Began as a Minotaur Fighter on May 30, 2016.
             Was a Follower of Hepliaklqana.
             Killed from afar by an orc wizard (11 damage)
             ... with a puff of flame
             ... on level 3 of the Dungeon.
             The game lasted 00:02:33 (1723 turns).

kae the Slasher (Minotaur Fighter)                  Turns: 1723, Time: 00:02:33

Health: -2/45      AC:  8    Str: 20    XL:     5   Next: 29%
Magic:  4/4        EV:  9    Int:  6    God:    Hepliaklqana [*.....]
Gold:   135        SH:  9    Dex: 10    Spells: 0 memorised, 4 levels left

rFire  . . .     SeeInvis .     a - +0 long sword
rCold  . . .     Gourm    .     b - +0 scale mail
rNeg   . . .     Faith    .     c - +0 shield
rPois  +         Spirit   .     (helmet restricted)
rElec  .         Dismiss  .     t - +0 cloak
rCorr  .         Reflect  .     (no gloves)
SustAt .         Harm     .     (no boots)
MR     .....                    (no amulet)
Stlth  ..........               n - ring of poison resistance
                                m - +2 ring of evasion

@: not resistant to hostile enchantments, extremely unstealthy
A: retaliatory headbutt, horns 2
a: Recall Ancestor, Ancestor Identity, Renounce Religion


You were on level 3 of the Dungeon.
You worshipped Hepliaklqana.
Hepliaklqana was aware of your devotion.
You were not hungry.

You visited 1 branch of the dungeon, and saw 3 of its levels.

You collected 135 gold pieces.

Inventory:

Hand Weapons
 a - a +0 long sword (weapon)
Armour
 b - a +0 scale mail (worn)
 c - a +0 shield (worn)
 t - a +0 cloak (worn)
Jewellery
 m - a +2 ring of evasion (left hand)
 n - a ring of poison resistance (right hand)
Scrolls
 g - 5 scrolls of identify {unknown}
 h - 2 scrolls of enchant armour {unknown}
 i - 2 scrolls of enchant weapon {unknown}
 l - 2 scrolls of teleportation {unknown}
 o - a scroll of immolation {unknown}
 p - a scroll of random uselessness {unknown}
 q - a scroll of magic mapping {unknown}
Potions
 d - a potion of might
 e - a potion of curing {unknown}
 k - 2 potions of lignification {unknown}
 r - a potion of agility {unknown}
 u - a potion of mutation {unknown}
Comestibles
 f - 2 bread rations
 j - 2 meat rations
 s - a chunk of flesh


   Skills:
 - Level 3.6 Fighting
 + Level 6.7 Long Blades
 - Level 3.6 Armour
 - Level 3.6 Shields


You had 4 spell levels left.
You didn't know any spells.

Dungeon Overview and Level Annotations

Branches:
Dungeon (3/15)

Altars:
Elyvilon
Hepliaklqana


Innate Abilities, Weirdness & Mutations

You reflexively headbutt those who attack you in melee.
You have a pair of horns on your head.


Message History

You are too injured to fight recklessly!
You are too injured to fight recklessly!
You are too injured to fight recklessly!
You swap places.
Something closely misses Beorhtric.
Beorhtric barely misses something.
Something hits Beorhtric.
Something hits Beorhtric but does no damage.
Beorhtric closely misses something.
A puff of flame appears from out of thin air!
The puff of flame hits Beorhtric.
Beorhtric resists.
Beorhtric closely misses something.
Something hits Beorhtric.
Something hits Beorhtric.
Beorhtric hits something.
Something hits Beorhtric.
Beorhtric is destroyed!
Things that are here:
a whip; an enchanted spear You see here a club.
A puff of flame appears from out of thin air!
The puff of flame hits you!
You die...

######## #......##
##...#..##
###.....#######
####.........
####........
######)...#######
####......##.#
#########).@.#######.#
.>####!.o....).####
#.# ..o.$..#########
#.# (.###### #.# #.#
.#


There were no monsters in sight!

Vanquished Creatures
  Ijyb (D:2)
  2 gnolls (D:3)
  4 adders
  2 dart slugs (D:1)
  6 giant geckos
  An orc (D:3)
  A ball python (D:3)
  A bat (D:1)
  A giant cockroach (D:2)
  7 goblins
  8 hobgoblins
  5 jackals
  2 giant newts
  13 kobolds
  3 rats (D:2)
  A bush (D:3)
58 creatures vanquished.

Vanquished Creatures (collateral kills)
  Jessica (D:3)
  A gnoll (D:3)
2 creatures vanquished.

Vanquished Creatures (others)
  An ancestor (D:3)
1 creature vanquished.

Grand Total: 61 creatures vanquished

Notes
Turn   | Place    | Note
--------------------------------------------------------------
     0 | D:1      | kae the Minotaur Fighter began the quest for the Orb.
     0 | D:1      | Reached XP level 1. HP: 19/19 MP: 0/0
    76 | D:1      | Reached skill level 3 in Long Blades
   224 | D:1      | Reached XP level 2. HP: 26/26 MP: 1/1
   310 | D:1      | Reached skill level 4 in Long Blades
   520 | D:1      | Found a hazy altar of Hepliaklqana.
   571 | D:1      | Reached XP level 3. HP: 13/31 MP: 2/2
   808 | D:1      | Became a worshipper of Hepliaklqana
   981 | D:2      | Found a white marble altar of Elyvilon.
  1036 | D:2      | Noticed Ijyb
  1046 | D:2      | Killed Ijyb
  1046 | D:2      | Reached skill level 5 in Long Blades
  1046 | D:2      | Reached XP level 4. HP: 39/39 MP: 3/3
  1595 | D:3      | Noticed Jessica
  1602 | D:3      | Killed Jessica
  1602 | D:3      | Reached skill level 6 in Long Blades
  1628 | D:3      | Reached XP level 5. HP: 45/45 MP: 4/4
  1691 | D:3      | Reached * piety under Hepliaklqana
  1723 | D:3      | Killed from afar by an orc wizard

Vault maps used:
D:1:      dpeg_arrival_short_road, serial_bayou_pond_a, kennysheep_flooded_box,
          minmay_misc_feat_secret_circle
D:2:      elyvilon_altar_5, first_bread, minmay_goblin_kobold_house, uniq_iyjb
D:3:      lexackson_kobold_supper, uniq_jessica

Skill      XL: |  1  2  3  4 |
---------------+-------------+-----
Long Blades    | 3 4 5 6 |  6.7
Fighting       | |  3.6
Armour         | |  3.6
Shields        | |  3.6

Action                   |  1- 3 |  4- 6 || total
-------------------------+-------+-------++-------
Melee: Long sword        |    67 |   106 ||   173
       Headbutt          |     7 |    18 ||    25
  Eat: Chunk             |       |     3 ||     3
Armor: Scale mail        |    31 |    42 ||    73
Dodge: Dodged            |    26 |    19 ||    45
Block: Shield            |    28 |    34 ||    62
